[ AOE2 MATCH · #482866651 ]
UnrankedBohemians vs Britons
[ REPLAY ANALYSIS · EXTRACTED FROM THE RECORDED GAME ]
Feudal
16:19
Castle
20:20
Imperial
43:07
| APM avg | 23.2 |
| APM peak | 58 |
| eAPM avg | 16.1 |
| Villagers / military | 170 / 525 |
Focus
⚔️ 41.3% · 🌾 58.7%
Skirmisher ×280 · Scout Cavalry ×108 · Hand Cannoneer ×59 · Knight ×54 · Bombard Cannon ×22 · Monk ×2
Feudal
14:22
Castle
18:17
Imperial
32:32
| APM avg | 32.9 |
| APM peak | 79 |
| eAPM avg | 24.4 |
| Villagers / military | 147 / 225 |
Focus
⚔️ 40.9% · 🌾 59.1%
Longbowman ×156 · Unknown (882) ×138 · Spearman ×35 · Trade Cart ×25 · Militia ×22 · Trebuchet (Packed) ×8
Feudal
13:26
Castle
16:58
Imperial
21:22
| APM avg | 44.6 |
| APM peak | 94 |
| eAPM avg | 22.1 |
| Villagers / military | 126 / 119 |
Focus
⚔️ 28.5% · 🌾 71.5%
Spearman ×63 · Hand Cannoneer ×38 · Bombard Cannon ×12 · Hussite Wagon ×6
Feudal
11:54
Castle
15:24
Imperial
30:09
| APM avg | 21.6 |
| APM peak | 61 |
| eAPM avg | 17.7 |
| Villagers / military | 152 / 707 |
Focus
⚔️ 41.0% · 🌾 59.0%
Skirmisher ×271 · Scout Cavalry ×229 · Knight ×195 · Trebuchet (Packed) ×10 · Bombard Cannon ×2
Feudal
10:21
Castle
17:11
Imperial
31:27
| APM avg | 21.5 |
| APM peak | 59 |
| eAPM avg | 14.1 |
| Villagers / military | 128 / 406 |
Focus
⚔️ 28.4% · 🌾 71.6%
Genoese Crossbowman ×278 · Scout Cavalry ×115 · Trade Cart ×48 · Bombard Cannon ×9 · Monk ×4
Feudal
13:13
Castle
18:22
Imperial
39:49
| APM avg | 32.3 |
| APM peak | 87 |
| eAPM avg | 19.2 |
| Villagers / military | 157 / 157 |
Focus
⚔️ 29.5% · 🌾 70.5%
Skirmisher ×83 · Samurai ×56 · Spearman ×12 · Mangonel ×4 · Scorpion ×2
Feudal
14:08
Castle
25:06
Imperial
40:17
| APM avg | 26.0 |
| APM peak | 60 |
| eAPM avg | 15.1 |
| Villagers / military | 162 / 351 |
Focus
⚔️ 27.4% · 🌾 72.6%
Archer ×261 · Mangonel ×52 · Knight ×24 · Trade Cart ×23 · Bombard Cannon ×14
Feudal
10:27
Castle
15:37
Imperial
40:39
| APM avg | 41.6 |
| APM peak | 102 |
| eAPM avg | 25.8 |
| Villagers / military | 159 / 405 |
Focus
⚔️ 45.4% · 🌾 54.6%
Skirmisher ×221 · Spearman ×117 · Battering Ram ×30 · Trade Cart ×22 · Konnik ×13 · Scout Cavalry ×12
Match map
Initial resources + every placement click. Lines = walls · curves = elevation contours. ◆ gold · ⬟ stone · ● berries · ✦ relic · ◌ wall gap
Your base· ✓ Closed at 20:20 · 17t walls · no gate
我是萌新's base· ✓ Closed at 18:17 · 34t walls · no gate
CanHaveUrResources:3's base· Open — opponent sealed themselves in
Ezeky's base· ✓ Closed at 15:24 · 0t walls · no gate
kittel's base· Open — opponent sealed themselves in
BIRA's base· ✓ Closed at 18:22 · 25t walls · 1 gate(s)
J4cK's base· ✓ Closed at 25:06 · 98t walls · 1 gate(s)
TIRA-ONDA's base· ✓ Closed at 15:37 · 29t walls · no gate
Smoothed initial terrain · ◌ = detected wall gap · hover for details
Inputs per minute
— Phill Forest - - 我是萌新
Build order — Phill Forest
First 150 of 442 actions detected
| 0:03 | Create | Villager (Male) ×4 |
| 0:04 | Build | House |
| 0:07 | Build | House |
| 1:38 | Create | Villager (Male) |
| 2:22 | Build | Palisade Wall |
| 2:27 | Build | Palisade Wall |
| 2:40 | Create | Villager (Male) |
| 2:40 | Create | Villager (Male) |
| 3:20 | Create | Villager (Male) |
| 3:20 | Create | Villager (Male) |
| 3:50 | Build | House |
| 3:52 | Build | House |
| 3:54 | Build | House |
| 3:55 | Build | House |
| 4:05 | Build | Palisade Wall |
| 4:50 | Create | Villager (Male) |
| 4:50 | Create | Villager (Male) |
| 4:50 | Create | Villager (Male) |
| 4:51 | Create | Villager (Male) |
| 5:18 | Build | House |
| 5:46 | Build | Outpost |
| 5:51 | Build | House |
| 6:51 | Create | Villager (Male) |
| 7:27 | Create | Villager (Male) |
| 7:27 | Create | Villager (Male) |
| 7:27 | Create | Villager (Male) |
| 8:18 | Build | Lumber Camp |
| 9:08 | Create | Villager (Male) |
| 9:08 | Create | Villager (Male) |
| 9:08 | Create | Villager (Male) |
| 9:09 | Create | Villager (Male) |
| 10:16 | Create | Villager (Male) |
| 10:46 | Build | Mill |
| 11:02 | Create | Villager (Male) |
| 11:02 | Create | Villager (Male) |
| 11:42 | Create | Villager (Male) |
| 11:42 | Create | Villager (Male) |
| 12:47 | Create | Villager (Male) |
| 12:48 | Create | Villager (Male) |
| 12:51 | Build | Mining Camp |
| 13:19 | Build | Mill |
| 14:09 | Research | Feudal Age |
| 14:54 | Create | Villager (Male) |
| 14:54 | Create | Villager (Male) |
| 16:19 | Age | Feudal Age |
| 16:20 | Build | Market |
| 16:24 | Build | Blacksmith |
| 16:47 | Build | Farm |
| 17:10 | Create | Villager (Male) |
| 17:14 | Build | Farm |
| 17:40 | Research | Castle Age |
| 18:38 | Research | Double-Bit Axe |
| 18:43 | Research | Horse Collar |
| 19:09 | Create | Villager (Male) |
| 19:10 | Create | Villager (Male) |
| 19:40 | Build | Barracks |
| 19:46 | Build | Barracks |
| 20:13 | Create | Villager (Male) |
| 20:20 | Age | Castle Age |
| 20:28 | Build | Stable |
| 20:50 | Build | Town Center |
| 21:02 | Build | Farm |
| 21:05 | Build | Farm |
| 21:05 | Build | Farm |
| 21:05 | Build | Farm |
| 21:14 | Create | Knight |
| 21:15 | Create | Knight |
| 21:15 | Create | Knight |
| 21:37 | Build | Farm |
| 22:05 | Create | Villager (Male) |
| 22:25 | Build | Mining Camp |
| 22:35 | Create | Villager (Male) |
| 22:35 | Create | Villager (Male) |
| 22:46 | Build | Farm |
| 23:01 | Create | Villager (Male) |
| 23:01 | Create | Villager (Male) |
| 23:03 | Build | Farm |
| 23:10 | Create | Villager (Male) |
| 23:26 | Build | Farm |
| 23:26 | Build | Farm |
| 23:27 | Build | Farm |
| 23:38 | Create | Villager (Male) |
| 23:58 | Create | Villager (Male) |
| 24:07 | Create | Villager (Male) ×2 |
| 24:09 | Create | Villager (Male) |
| 24:13 | Build | House |
| 24:15 | Build | House |
| 24:15 | Build | House |
| 24:43 | Create | Knight |
| 24:43 | Create | Knight |
| 25:02 | Create | Villager (Male) |
| 25:07 | Build | House |
| 25:08 | Build | House |
| 25:17 | Research | Loom |
| 25:28 | Create | Villager (Male) |
| 25:56 | Create | Villager (Male) |
| 25:57 | Create | Villager (Male) ×2 |
| 26:06 | Create | Villager (Male) ×2 |
| 26:30 | Create | Villager (Male) |
| 26:36 | Build | Farm |
| 26:36 | Build | Farm |
| 26:36 | Build | Farm |
| 26:37 | Build | Farm |
| 26:37 | Build | Farm |
| 26:37 | Build | Farm |
| 26:37 | Build | Farm |
| 26:38 | Build | Farm |
| 26:38 | Build | Farm |
| 26:38 | Build | Farm |
| 26:38 | Build | Farm |
| 26:39 | Build | Farm |
| 26:39 | Build | Farm |
| 26:47 | Build | Town Center |
| 26:52 | Build | Town Center |
| 27:58 | Build | Stone Wall |
| 28:23 | Build | Stone Wall |
| 28:32 | Build | Farm |
| 28:46 | Create | Villager (Male) ×5 |
| 28:51 | Create | Villager (Male) ×5 |
| 29:28 | Build | Gate |
| 29:31 | Build | Stone Wall |
| 29:44 | Build | Gate |
| 29:47 | Build | Stone Wall |
| 30:14 | Create | Knight |
| 30:15 | Create | Knight |
| 30:15 | Research | Husbandry |
| 30:17 | Research | Scale Mail Armor |
| 30:20 | Research | Scale Barding Armor |
| 30:24 | Build | Farm |
| 30:25 | Build | Farm |
| 30:28 | Create | Villager (Male) ×5 |
| 30:50 | Build | Farm |
| 31:08 | Build | Farm |
| 31:08 | Build | Farm |
| 31:11 | Create | Villager (Male) ×5 |
| 31:14 | Research | Town Watch |
| 31:16 | Research | Wheelbarrow |
| 31:30 | Create | Knight |
| 31:30 | Create | Knight |
| 31:30 | Create | Knight |
| 31:34 | Build | Farm |
| 31:35 | Build | Farm |
| 31:39 | Create | Villager (Male) ×4 |
| 31:49 | Create | Knight |
| 32:11 | Build | Farm |
| 32:13 | Build | Farm |
| 32:34 | Build | Gate |
| 32:47 | Create | Villager (Male) ×5 |
| 32:53 | Build | House |
| 32:54 | Build | House |
Build order — 我是萌新
First 150 of 844 actions detected
| 0:02 | Create | Villager (Male) |
| 0:03 | Create | Villager (Male) |
| 0:03 | Create | Villager (Male) |
| 0:05 | Build | House |
| 0:06 | Build | House |
| 0:37 | Create | Villager (Male) |
| 0:38 | Create | Villager (Male) |
| 0:38 | Create | Villager (Male) |
| 1:20 | Create | Villager (Male) |
| 1:20 | Create | Villager (Male) |
| 2:00 | Create | Villager (Male) |
| 2:11 | Build | Lumber Camp |
| 2:12 | Create | Villager (Male) |
| 2:13 | Create | Villager (Male) |
| 3:03 | Create | Villager (Male) |
| 3:03 | Create | Villager (Male) |
| 3:03 | Create | Villager (Male) |
| 3:03 | Create | Villager (Male) |
| 3:49 | Create | Villager (Male) |
| 3:49 | Create | Villager (Male) |
| 4:05 | Build | House |
| 4:59 | Build | Palisade Wall |
| 5:05 | Create | Villager (Male) |
| 5:10 | Create | Villager (Male) |
| 5:16 | Create | Villager (Male) |
| 5:39 | Create | Villager (Male) |
| 5:39 | Create | Villager (Male) |
| 5:39 | Create | Villager (Male) |
| 5:39 | Create | Villager (Male) |
| 6:01 | Build | House |
| 6:19 | Create | Villager (Male) |
| 6:20 | Create | Villager (Male) |
| 6:40 | Research | Loom |
| 6:40 | Research | Loom |
| 6:44 | Build | Mill |
| 6:54 | Build | Lumber Camp |
| 7:58 | Build | Palisade Wall |
| 8:03 | Create | Villager (Male) |
| 8:21 | Build | House |
| 8:31 | Create | Villager (Male) |
| 8:53 | Create | Villager (Male) |
| 9:10 | Build | Palisade Wall |
| 9:18 | Create | Villager (Male) |
| 9:32 | Create | Villager (Male) |
| 9:43 | Create | Villager (Male) |
| 9:50 | Build | Mining Camp |
| 10:01 | Build | Outpost |
| 10:09 | Build | Outpost |
| 10:44 | Build | Palisade Wall |
| 10:48 | Build | Palisade Wall |
| 10:54 | Create | Villager (Male) |
| 11:14 | Build | Palisade Wall |
| 11:20 | Create | Villager (Male) |
| 11:26 | Build | Farm |
| 11:27 | Build | Farm |
| 11:29 | Build | Farm |
| 11:30 | Build | Farm |
| 11:31 | Create | Villager (Male) |
| 11:54 | Build | Mining Camp |
| 12:05 | Build | Farm |
| 12:09 | Build | Farm |
| 12:12 | Research | Feudal Age |
| 12:12 | Research | Feudal Age |
| 12:21 | Build | Farm |
| 12:28 | Build | Farm |
| 12:54 | Build | House |
| 13:13 | Build | Farm |
| 13:18 | Create | Villager (Male) |
| 13:19 | Create | Villager (Male) |
| 13:59 | Build | Farm |
| 14:22 | Age | Feudal Age |
| 14:38 | Build | Market |
| 15:07 | Build | Blacksmith |
| 15:11 | Create | Villager (Male) |
| 15:13 | Research | Town Watch |
| 15:33 | Research | Double-Bit Axe |
| 15:34 | Research | Double-Bit Axe |
| 15:36 | Research | Castle Age |
| 15:37 | Research | Castle Age |
| 15:42 | Research | Horse Collar |
| 15:42 | Research | Horse Collar |
| 16:16 | Build | Farm |
| 16:20 | Research | Gold Mining |
| 16:20 | Research | Gold Mining |
| 16:41 | Research | Stone Mining |
| 16:42 | Research | Stone Mining |
| 17:36 | Build | House |
| 17:49 | Research | Town Watch |
| 17:50 | Research | Wheelbarrow |
| 18:17 | Age | Castle Age |
| 18:20 | Build | Town Center |
| 18:34 | Build | Castle |
| 19:02 | Create | Villager (Male) |
| 19:11 | Build | Town Center |
| 19:22 | Build | Monastery |
| 19:23 | Build | House |
| 19:29 | Create | Villager (Male) |
| 19:32 | Research | Heavy Plow |
| 19:49 | Research | Bow Saw |
| 19:49 | Research | Bow Saw |
| 20:42 | Create | Villager (Male) |
| 20:45 | Create | Monk |
| 20:51 | Create | Longbowman |
| 21:01 | Create | Villager (Male) |
| 21:05 | Create | Villager (Male) |
| 21:08 | Create | Villager (Male) |
| 21:11 | Build | Farm |
| 21:12 | Build | Farm |
| 21:14 | Build | Farm |
| 21:18 | Build | Farm |
| 21:20 | Create | Villager (Male) |
| 21:29 | Create | Longbowman |
| 21:48 | Create | Longbowman |
| 21:51 | Create | Villager (Male) |
| 21:52 | Create | Monk |
| 22:00 | Create | Villager (Male) |
| 22:02 | Create | Villager (Male) |
| 22:05 | Create | Villager (Male) |
| 22:05 | Create | Villager (Male) |
| 22:07 | Create | Villager (Male) |
| 22:07 | Create | Villager (Male) |
| 22:08 | Create | Villager (Male) |
| 22:25 | Build | Farm |
| 22:25 | Build | Farm |
| 22:27 | Create | Villager (Male) |
| 22:29 | Create | Villager (Male) |
| 22:35 | Create | Villager (Male) |
| 22:42 | Build | Farm |
| 22:44 | Build | Farm |
| 22:46 | Build | Farm |
| 22:47 | Build | Farm |
| 22:49 | Build | Farm |
| 22:50 | Build | Farm |
| 22:52 | Create | Villager (Male) |
| 22:54 | Create | Villager (Male) |
| 23:02 | Build | Farm |
| 23:02 | Build | Farm |
| 23:13 | Create | Longbowman |
| 23:27 | Create | Villager (Male) |
| 23:28 | Create | Villager (Male) |
| 23:33 | Build | Farm |
| 23:35 | Build | Farm |
| 23:39 | Create | Villager (Male) |
| 23:40 | Create | Villager (Male) |
| 23:40 | Create | Villager (Male) |
| 23:41 | Create | Villager (Male) |
| 23:52 | Create | Longbowman |
| 23:56 | Build | Farm |
| 24:08 | Create | Longbowman |
| 24:10 | Create | Longbowman |
Build order — CanHaveUrResources:3
First 150 of 406 actions detected
| 0:01 | Create | Villager (Male) |
| 0:01 | Create | Villager (Male) |
| 0:03 | Build | House |
| 0:04 | Build | House |
| 0:10 | Create | Villager (Male) |
| 0:10 | Create | Villager (Male) |
| 1:37 | Create | Villager (Male) |
| 1:59 | Create | Villager (Male) |
| 2:32 | Create | Villager (Male) |
| 2:38 | Build | Lumber Camp |
| 2:51 | Create | Villager (Male) |
| 3:19 | Build | House |
| 3:24 | Create | Villager (Male) |
| 3:24 | Create | Villager (Male) |
| 3:51 | Create | Villager (Male) |
| 4:31 | Create | Villager (Male) |
| 4:32 | Create | Villager (Male) |
| 5:26 | Create | Villager (Male) |
| 5:35 | Create | Villager (Male) |
| 5:37 | Build | Mill |
| 6:28 | Create | Villager (Male) |
| 6:42 | Create | Villager (Male) |
| 7:20 | Create | Villager (Male) |
| 7:23 | Research | Loom |
| 7:32 | Build | House |
| 7:55 | Create | Villager (Male) |
| 7:57 | Build | House |
| 8:01 | Build | House |
| 8:21 | Create | Villager (Male) |
| 8:21 | Create | Villager (Male) |
| 8:48 | Build | Farm |
| 8:50 | Build | Farm |
| 8:58 | Build | House |
| 8:59 | Build | House |
| 9:06 | Create | Villager (Male) |
| 9:17 | Build | Farm |
| 9:33 | Create | Villager (Male) |
| 9:34 | Create | Villager (Male) |
| 9:59 | Build | House |
| 10:00 | Build | Palisade Wall |
| 10:08 | Create | Villager (Male) |
| 10:21 | Create | Villager (Male) |
| 10:22 | Research | Feudal Age |
| 10:39 | Build | Mining Camp |
| 12:46 | Build | House |
| 12:59 | Create | Villager (Male) |
| 13:00 | Create | Villager (Male) |
| 13:12 | Build | Farm |
| 13:16 | Build | Farm |
| 13:26 | Age | Feudal Age |
| 13:28 | Build | Market |
| 13:29 | Build | Blacksmith |
| 13:41 | Research | Double-Bit Axe |
| 13:59 | Build | Farm |
| 14:11 | Build | Farm |
| 14:18 | Research | Castle Age |
| 14:35 | Build | Farm |
| 15:25 | Build | Mining Camp |
| 16:24 | Create | Villager (Male) |
| 16:24 | Create | Villager (Male) |
| 16:58 | Age | Castle Age |
| 17:01 | Build | Siege Workshop |
| 17:04 | Build | University |
| 18:05 | Build | House |
| 18:07 | Build | House |
| 18:11 | Build | House |
| 18:12 | Research | Imperial Age |
| 18:45 | Build | House |
| 19:11 | Build | Watch Tower |
| 19:18 | Build | Farm |
| 19:22 | Build | Farm |
| 19:55 | Create | Villager (Male) |
| 20:00 | Research | Chemistry |
| 20:14 | Build | Stone Wall |
| 20:20 | Build | Stone Wall |
| 20:21 | Build | Stone Wall |
| 20:34 | Build | Stone Wall |
| 20:44 | Build | Stone Wall |
| 20:48 | Create | Villager (Male) |
| 20:50 | Build | Barracks |
| 20:55 | Build | Stone Wall |
| 21:22 | Age | Imperial Age |
| 21:40 | Create | Bombard Cannon |
| 21:44 | Build | Stone Wall |
| 21:46 | Build | Farm |
| 21:46 | Build | Farm |
| 21:51 | Build | Stone Wall |
| 21:53 | Build | Stone Wall |
| 21:55 | Build | Stone Wall |
| 22:07 | Create | Villager (Male) |
| 22:09 | Build | Siege Workshop |
| 22:17 | Create | Villager (Male) |
| 22:20 | Build | Archery Range |
| 22:23 | Build | Farm |
| 22:31 | Build | Stone Wall |
| 22:39 | Create | Villager (Male) |
| 22:49 | Build | Stone Wall |
| 22:52 | Build | Stone Wall |
| 22:54 | Build | Stone Wall |
| 23:08 | Create | Bombard Cannon |
| 23:08 | Create | Bombard Cannon |
| 23:15 | Build | Stone Wall |
| 23:17 | Build | Stone Wall |
| 23:26 | Build | Stone Wall |
| 23:38 | Create | Villager (Male) |
| 23:47 | Build | Stone Wall |
| 23:51 | Build | Stone Wall |
| 24:02 | Create | Villager (Male) |
| 24:08 | Build | Stone Wall |
| 24:28 | Create | Hand Cannoneer |
| 24:29 | Create | Hand Cannoneer |
| 24:31 | Build | Farm |
| 24:32 | Build | Farm |
| 24:40 | Build | Farm |
| 24:47 | Create | Villager (Male) |
| 24:47 | Create | Villager (Male) |
| 25:05 | Build | Market |
| 25:13 | Build | Market |
| 25:28 | Build | Farm |
| 25:30 | Create | Villager (Male) |
| 25:38 | Build | Farm |
| 25:52 | Create | Villager (Male) |
| 26:22 | Create | Villager (Male) |
| 26:30 | Create | Villager (Male) |
| 26:38 | Create | Bombard Cannon |
| 26:44 | Create | Hand Cannoneer |
| 26:45 | Create | Hand Cannoneer |
| 26:56 | Create | Hand Cannoneer |
| 27:09 | Create | Villager (Male) |
| 27:13 | Create | Hand Cannoneer ×3 |
| 27:26 | Build | Lumber Camp |
| 27:42 | Create | Villager (Male) |
| 28:09 | Create | Villager (Male) |
| 28:15 | Build | Archery Range |
| 28:56 | Create | Villager (Male) |
| 29:11 | Create | Hand Cannoneer ×4 |
| 29:28 | Build | Farm |
| 29:30 | Build | Farm |
| 29:33 | Create | Hand Cannoneer |
| 29:40 | Create | Hand Cannoneer ×3 |
| 29:49 | Build | House |
| 29:50 | Build | House |
| 29:51 | Build | House |
| 29:58 | Create | Villager (Male) |
| 30:05 | Research | Wheelbarrow |
| 30:14 | Create | Villager (Male) |
| 30:18 | Build | Barracks |
| 30:24 | Create | Villager (Male) |
| 30:36 | Create | Villager (Male) |
| 30:42 | Build | Blacksmith |
Build order — Ezeky
First 150 of 565 actions detected
| 0:01 | Create | Villager (Male) |
| 0:01 | Create | Villager (Male) |
| 0:02 | Create | Villager (Male) |
| 0:02 | Create | Villager (Male) |
| 0:12 | Build | House |
| 0:15 | Build | House |
| 0:19 | Create | Villager (Male) |
| 1:33 | Create | Villager (Male) |
| 2:04 | Build | Lumber Camp |
| 2:14 | Create | Villager (Male) |
| 2:53 | Create | Villager (Male) |
| 3:33 | Build | Mill |
| 3:35 | Create | Villager (Male) |
| 3:35 | Create | Villager (Male) |
| 4:16 | Build | House |
| 4:39 | Create | Villager (Male) |
| 5:00 | Create | Villager (Male) |
| 5:01 | Create | Villager (Male) |
| 5:02 | Create | Villager (Male) |
| 5:33 | Create | Villager (Male) |
| 6:09 | Build | House |
| 6:40 | Create | Villager (Male) |
| 6:41 | Create | Villager (Male) |
| 7:00 | Create | Villager (Male) |
| 7:00 | Create | Villager (Male) |
| 7:14 | Create | Villager (Male) |
| 7:50 | Build | House |
| 8:22 | Create | Villager (Male) |
| 8:28 | Create | Villager (Male) |
| 8:29 | Create | Villager (Male) |
| 8:44 | Research | Feudal Age |
| 8:57 | Build | Lumber Camp |
| 9:06 | Build | Mining Camp |
| 10:33 | Build | Farm |
| 10:52 | Build | House |
| 11:00 | Build | Farm |
| 11:19 | Create | Villager (Male) |
| 11:35 | Build | Farm |
| 11:54 | Age | Feudal Age |
| 12:04 | Build | Market |
| 12:18 | Build | Blacksmith |
| 12:25 | Create | Villager (Male) |
| 12:43 | Build | Farm |
| 12:59 | Research | Castle Age |
| 13:03 | Research | Loom |
| 13:04 | Create | Villager (Male) |
| 13:08 | Build | Farm |
| 13:10 | Build | Farm |
| 13:31 | Build | Farm |
| 13:48 | Build | Farm |
| 13:51 | Research | Horse Collar |
| 14:14 | Research | Double-Bit Axe |
| 15:24 | Age | Castle Age |
| 15:37 | Build | Town Center |
| 15:51 | Build | Town Center |
| 16:07 | Create | Villager (Male) |
| 16:08 | Create | Villager (Male) |
| 16:09 | Create | Villager (Male) |
| 16:12 | Build | Farm |
| 16:33 | Build | Farm |
| 16:45 | Create | Villager (Male) |
| 16:45 | Create | Villager (Male) |
| 17:03 | Research | Bow Saw |
| 17:15 | Build | Farm |
| 17:34 | Build | Farm |
| 17:35 | Create | Villager (Male) |
| 17:36 | Create | Villager (Male) |
| 17:43 | Create | Villager (Male) |
| 17:47 | Build | Farm |
| 17:53 | Build | Farm |
| 18:00 | Build | Farm |
| 18:07 | Build | House |
| 18:08 | Build | House |
| 18:11 | Create | Villager (Male) |
| 18:12 | Create | Villager (Male) |
| 18:21 | Build | Farm |
| 18:27 | Create | Villager (Male) |
| 18:31 | Build | Farm |
| 18:33 | Create | Villager (Male) |
| 18:40 | Build | Farm |
| 18:43 | Create | Villager (Male) |
| 18:53 | Create | Villager (Male) |
| 18:59 | Build | Farm |
| 19:06 | Build | Farm |
| 19:10 | Build | Farm |
| 19:14 | Create | Villager (Male) |
| 19:15 | Create | Villager (Male) |
| 19:19 | Build | Farm |
| 19:22 | Build | Farm |
| 19:25 | Build | Farm |
| 19:34 | Create | Villager (Male) |
| 19:34 | Create | Villager (Male) |
| 19:43 | Build | Farm |
| 19:45 | Create | Villager (Male) |
| 19:46 | Create | Villager (Male) |
| 19:53 | Build | House |
| 19:55 | Build | House |
| 19:59 | Create | Villager (Male) |
| 20:04 | Build | Farm |
| 20:12 | Create | Villager (Male) |
| 20:13 | Create | Villager (Male) |
| 20:13 | Create | Villager (Male) |
| 20:18 | Build | Farm |
| 20:29 | Build | Farm |
| 20:32 | Build | Farm |
| 20:36 | Research | Heavy Plow |
| 20:42 | Build | Farm |
| 20:58 | Build | Farm |
| 20:59 | Create | Villager (Male) |
| 21:00 | Create | Villager (Male) |
| 21:00 | Create | Villager (Male) |
| 21:01 | Create | Villager (Male) |
| 21:04 | Build | House |
| 21:05 | Build | House |
| 21:14 | Create | Villager (Male) |
| 21:15 | Create | Villager (Male) |
| 21:15 | Create | Villager (Male) |
| 21:17 | Build | Farm |
| 21:22 | Build | Farm |
| 21:28 | Create | Villager (Male) |
| 21:28 | Create | Villager (Male) |
| 21:29 | Create | Villager (Male) |
| 21:30 | Create | Villager (Male) |
| 21:38 | Build | Farm |
| 21:44 | Build | Farm |
| 22:01 | Build | Palisade Wall |
| 22:09 | Create | Villager (Male) |
| 22:09 | Create | Villager (Male) |
| 22:10 | Create | Villager (Male) |
| 22:10 | Create | Villager (Male) |
| 22:11 | Create | Villager (Male) |
| 22:14 | Build | Farm |
| 23:12 | Build | Farm |
| 23:16 | Build | Farm |
| 23:16 | Create | Villager (Male) |
| 23:17 | Create | Villager (Male) |
| 23:17 | Create | Villager (Male) |
| 23:18 | Create | Villager (Male) |
| 23:18 | Create | Villager (Male) |
| 23:18 | Create | Villager (Male) |
| 23:40 | Build | Town Center |
| 23:46 | Create | Villager (Male) |
| 23:46 | Create | Villager (Male) |
| 23:47 | Create | Villager (Male) |
| 23:47 | Create | Villager (Male) |
| 23:48 | Create | Villager (Male) |
| 23:54 | Create | Villager (Male) |
| 23:54 | Create | Villager (Male) |
| 23:55 | Create | Villager (Male) |
| 24:00 | Build | House |
Build order — kittel
First 150 of 468 actions detected
| 0:05 | Build | House |
| 0:07 | Build | House |
| 0:09 | Create | Villager (Male) ×4 |
| 0:19 | Build | House |
| 0:19 | Build | House |
| 0:36 | Build | Lumber Camp |
| 1:54 | Create | Villager (Male) |
| 1:54 | Create | Villager (Male) |
| 2:16 | Create | Villager (Male) |
| 2:17 | Create | Villager (Male) |
| 2:33 | Create | Villager (Male) |
| 3:00 | Create | Villager (Male) |
| 3:15 | Create | Villager (Male) |
| 3:16 | Create | Villager (Male) |
| 3:50 | Create | Villager (Male) |
| 4:25 | Create | Villager (Male) |
| 4:26 | Create | Villager (Male) |
| 4:35 | Create | Villager (Male) |
| 4:35 | Create | Villager (Male) |
| 5:16 | Create | Villager (Male) |
| 5:16 | Create | Villager (Male) |
| 5:17 | Create | Villager (Male) |
| 5:17 | Create | Villager (Male) |
| 6:16 | Create | Villager (Male) |
| 6:16 | Create | Villager (Male) |
| 6:23 | Build | Mill |
| 6:30 | Create | Villager (Male) |
| 6:30 | Create | Villager (Male) |
| 6:30 | Create | Villager (Male) |
| 6:59 | Build | Mill |
| 8:09 | Research | Feudal Age |
| 8:11 | Research | Loom |
| 9:40 | Create | Villager (Male) |
| 9:41 | Create | Villager (Male) |
| 9:49 | Build | House |
| 10:21 | Age | Feudal Age |
| 10:30 | Create | Villager (Male) |
| 10:31 | Create | Villager (Male) |
| 10:36 | Build | Mining Camp |
| 11:21 | Create | Villager (Male) |
| 11:38 | Build | Market |
| 11:53 | Build | House |
| 12:14 | Create | Villager (Male) |
| 12:14 | Create | Villager (Male) |
| 13:14 | Build | Blacksmith |
| 13:19 | Create | Villager (Male) |
| 13:19 | Create | Villager (Male) |
| 14:11 | Research | Castle Age |
| 14:59 | Research | Horse Collar |
| 15:10 | Research | Double-Bit Axe |
| 15:11 | Research | Double-Bit Axe |
| 15:17 | Build | House |
| 15:18 | Build | House |
| 15:51 | Create | Villager (Male) |
| 15:52 | Create | Villager (Male) |
| 16:06 | Build | Farm |
| 16:07 | Build | Farm |
| 16:09 | Build | Farm |
| 16:10 | Build | Farm |
| 16:12 | Build | Farm |
| 16:13 | Build | Farm |
| 16:13 | Build | Farm |
| 16:14 | Build | Farm |
| 16:16 | Build | Farm |
| 16:17 | Build | Farm |
| 16:18 | Build | Farm |
| 16:18 | Build | Farm |
| 16:18 | Build | Farm |
| 16:19 | Build | Farm |
| 16:19 | Build | Farm |
| 16:20 | Build | Farm |
| 16:20 | Build | Farm |
| 16:20 | Build | Farm |
| 16:20 | Build | Farm |
| 16:21 | Build | Farm |
| 16:21 | Build | Farm |
| 16:21 | Build | Farm |
| 17:11 | Age | Castle Age |
| 17:21 | Create | Villager (Male) |
| 17:21 | Create | Villager (Male) |
| 17:36 | Build | Town Center |
| 17:48 | Build | Town Center |
| 17:59 | Build | House |
| 18:04 | Research | Bow Saw |
| 18:54 | Build | Barracks |
| 19:01 | Create | Villager (Male) |
| 19:01 | Create | Villager (Male) |
| 19:02 | Create | Villager (Male) |
| 19:02 | Create | Villager (Male) |
| 19:02 | Create | Villager (Male) |
| 19:03 | Create | Villager (Male) |
| 19:03 | Create | Villager (Male) |
| 19:17 | Create | Villager (Male) |
| 19:27 | Build | Monastery |
| 19:40 | Build | Monastery |
| 20:17 | Build | Barracks |
| 20:21 | Create | Monk |
| 20:26 | Create | Villager (Male) |
| 20:26 | Create | Villager (Male) |
| 20:26 | Create | Villager (Male) |
| 20:27 | Create | Villager (Male) |
| 20:27 | Create | Villager (Male) |
| 20:28 | Create | Villager (Male) |
| 20:29 | Create | Villager (Male) |
| 20:29 | Create | Villager (Male) |
| 20:41 | Create | Monk |
| 20:47 | Create | Monk |
| 20:47 | Create | Monk |
| 21:41 | Build | Stable |
| 21:48 | Create | Villager (Male) |
| 21:48 | Create | Villager (Male) |
| 21:48 | Create | Villager (Male) |
| 21:49 | Create | Villager (Male) |
| 21:49 | Create | Villager (Male) |
| 21:49 | Create | Villager (Male) |
| 21:50 | Create | Villager (Male) |
| 22:30 | Build | House |
| 22:32 | Build | House |
| 22:33 | Build | House |
| 22:55 | Build | Siege Workshop |
| 23:21 | Create | Villager (Male) |
| 23:21 | Create | Villager (Male) |
| 23:25 | Research | Wheelbarrow |
| 23:27 | Create | Villager (Male) |
| 23:27 | Create | Villager (Male) |
| 23:27 | Create | Villager (Male) |
| 23:27 | Create | Villager (Male) |
| 23:40 | Create | Villager (Male) |
| 23:44 | Create | Villager (Male) |
| 23:44 | Create | Villager (Male) |
| 23:45 | Create | Villager (Male) |
| 23:50 | Build | Farm |
| 23:50 | Build | Farm |
| 23:51 | Build | Farm |
| 23:51 | Build | Farm |
| 23:51 | Build | Farm |
| 23:51 | Build | Farm |
| 23:52 | Build | Farm |
| 23:54 | Build | Farm |
| 23:55 | Build | Farm |
| 23:55 | Build | Farm |
| 23:55 | Build | Farm |
| 23:55 | Build | Farm |
| 23:56 | Build | Farm |
| 23:56 | Build | Farm |
| 23:56 | Build | Farm |
| 24:30 | Build | House |
| 24:37 | Create | Villager (Male) |
| 24:38 | Create | Villager (Male) |
| 24:38 | Create | Villager (Male) |
Build order — BIRA
First 150 of 514 actions detected
| 0:00 | Create | Villager (Male) |
| 0:01 | Create | Villager (Male) |
| 0:01 | Create | Villager (Male) |
| 0:03 | Build | House |
| 0:04 | Build | House |
| 0:14 | Create | Villager (Male) |
| 0:31 | Research | Loom |
| 0:54 | Create | Villager (Male) |
| 0:55 | Create | Villager (Male) |
| 0:55 | Create | Villager (Male) |
| 1:36 | Create | Villager (Male) |
| 1:56 | Build | Palisade Wall |
| 2:14 | Create | Villager (Male) |
| 2:14 | Create | Villager (Male) |
| 2:46 | Create | Villager (Male) |
| 3:29 | Create | Villager (Male) |
| 3:29 | Create | Villager (Male) |
| 3:42 | Create | Villager (Male) |
| 3:54 | Build | Lumber Camp |
| 4:35 | Create | Villager (Male) |
| 4:35 | Create | Villager (Male) |
| 4:53 | Create | Villager (Male) |
| 5:39 | Create | Villager (Male) |
| 5:44 | Build | House |
| 5:50 | Create | Villager (Male) |
| 6:24 | Build | Palisade Wall |
| 6:26 | Create | Villager (Male) |
| 6:38 | Build | House |
| 7:08 | Build | Palisade Wall |
| 7:17 | Build | House |
| 7:20 | Create | Villager (Male) |
| 7:22 | Create | Villager (Male) |
| 7:22 | Create | Villager (Male) |
| 7:40 | Build | Mill |
| 7:47 | Create | Villager (Male) |
| 7:55 | Create | Villager (Male) |
| 8:11 | Create | Villager (Male) |
| 8:20 | Create | Villager (Male) |
| 9:49 | Build | House |
| 10:03 | Create | Villager (Male) |
| 10:22 | Create | Villager (Male) |
| 10:41 | Build | Palisade Gate |
| 11:01 | Create | Villager (Male) |
| 11:01 | Research | Feudal Age |
| 11:01 | Research | Feudal Age |
| 11:01 | Research | Feudal Age |
| 11:40 | Create | Villager (Male) |
| 11:54 | Build | Barracks |
| 11:56 | Build | Farm |
| 12:33 | Create | Villager (Male) |
| 12:35 | Build | Mining Camp |
| 12:40 | Build | Farm |
| 12:40 | Build | Farm |
| 12:40 | Build | Farm |
| 13:13 | Age | Feudal Age |
| 13:14 | Build | Market |
| 13:20 | Build | Blacksmith |
| 13:24 | Create | Villager (Male) |
| 13:38 | Build | Palisade Wall |
| 13:39 | Build | Palisade Wall |
| 14:02 | Create | Villager (Male) |
| 14:20 | Build | House |
| 14:45 | Create | Villager (Male) |
| 14:47 | Build | Farm |
| 15:11 | Build | Farm |
| 15:13 | Build | Farm |
| 15:15 | Build | Farm |
| 15:42 | Research | Castle Age |
| 15:42 | Research | Castle Age |
| 15:43 | Research | Castle Age |
| 15:43 | Research | Castle Age |
| 16:47 | Build | Farm |
| 16:48 | Build | Farm |
| 16:51 | Build | Farm |
| 17:03 | Research | Scale Mail Armor |
| 17:20 | Create | Villager (Male) |
| 17:44 | Build | Watch Tower |
| 17:57 | Build | Archery Range |
| 18:22 | Age | Castle Age |
| 18:32 | Build | Siege Workshop |
| 18:37 | Build | Farm |
| 18:43 | Create | Villager (Male) |
| 18:48 | Create | Skirmisher |
| 18:48 | Create | Skirmisher |
| 19:07 | Create | Villager (Male) |
| 19:17 | Create | Scorpion |
| 19:17 | Create | Scorpion |
| 19:47 | Create | Skirmisher |
| 19:50 | Build | House |
| 20:01 | Build | Outpost |
| 20:18 | Research | Fletching |
| 20:30 | Build | Palisade Gate |
| 21:13 | Build | Farm |
| 21:14 | Build | Farm |
| 21:17 | Create | Villager (Male) |
| 21:17 | Create | Villager (Male) |
| 21:20 | Build | Mining Camp |
| 21:34 | Create | Skirmisher |
| 21:36 | Create | Skirmisher |
| 21:39 | Create | Villager (Male) |
| 21:45 | Create | Villager (Male) |
| 22:01 | Research | Padded Archer Armor |
| 22:05 | Build | House |
| 22:15 | Create | Mangonel |
| 22:21 | Create | Spearman |
| 22:21 | Create | Spearman |
| 22:26 | Build | House |
| 22:42 | Create | Villager (Male) |
| 22:49 | Create | Villager (Male) |
| 22:51 | Build | House |
| 22:55 | Build | Lumber Camp |
| 22:57 | Create | Villager (Male) |
| 23:20 | Create | Villager (Male) |
| 23:30 | Build | Town Center |
| 23:32 | Create | Villager (Male) |
| 23:47 | Build | House |
| 23:48 | Build | House |
| 23:56 | Build | Farm |
| 24:06 | Create | Villager (Male) |
| 24:15 | Create | Spearman |
| 24:15 | Create | Spearman |
| 24:25 | Create | Villager (Male) |
| 24:54 | Create | Villager (Male) |
| 24:57 | Create | Villager (Male) |
| 25:32 | Build | Farm |
| 25:35 | Research | Double-Bit Axe |
| 25:46 | Create | Villager (Male) |
| 25:46 | Create | Villager (Male) |
| 25:49 | Build | Farm |
| 25:55 | Research | Elite Skirmisher (upgrade) |
| 26:08 | Create | Villager (Male) |
| 26:27 | Create | Villager (Male) |
| 26:35 | Build | Stone Wall |
| 26:37 | Create | Spearman |
| 26:38 | Create | Villager (Male) |
| 26:47 | Create | Villager (Male) |
| 26:47 | Create | Villager (Male) |
| 27:03 | Build | Lumber Camp |
| 27:13 | Build | Farm |
| 27:14 | Build | Farm |
| 27:15 | Create | Villager (Male) |
| 27:22 | Build | Farm |
| 27:22 | Build | Farm |
| 27:36 | Create | Villager (Male) |
| 27:38 | Build | Farm |
| 27:40 | Create | Spearman |
| 27:42 | Create | Villager (Male) |
| 28:01 | Create | Skirmisher ×5 |
| 28:03 | Create | Villager (Male) |
| 28:19 | Build | Stone Wall |
Build order — J4cK
First 150 of 398 actions detected
| 0:01 | Research | Loom |
| 0:01 | Research | Loom |
| 0:01 | Create | Villager (Male) |
| 0:03 | Build | House |
| 0:04 | Build | House |
| 0:05 | Create | Villager (Male) |
| 0:05 | Create | Villager (Male) |
| 0:18 | Create | Villager (Male) |
| 0:18 | Create | Villager (Male) |
| 1:34 | Create | Villager (Male) |
| 2:16 | Create | Villager (Male) |
| 2:16 | Create | Villager (Male) |
| 2:16 | Create | Villager (Male) |
| 2:27 | Create | Villager (Male) |
| 2:27 | Create | Villager (Male) |
| 2:28 | Create | Villager (Male) |
| 3:00 | Create | Villager (Male) |
| 3:00 | Create | Villager (Male) |
| 3:00 | Create | Villager (Male) |
| 3:40 | Create | Villager (Male) |
| 3:40 | Create | Villager (Male) |
| 3:40 | Create | Villager (Male) |
| 3:50 | Build | Lumber Camp |
| 4:09 | Create | Villager (Male) |
| 4:09 | Create | Villager (Male) |
| 4:10 | Create | Villager (Male) |
| 4:14 | Build | House |
| 4:29 | Create | Villager (Male) |
| 4:29 | Create | Villager (Male) |
| 4:29 | Create | Villager (Male) |
| 5:11 | Create | Villager (Male) |
| 5:11 | Create | Villager (Male) |
| 5:12 | Create | Villager (Male) |
| 5:22 | Create | Villager (Male) |
| 5:23 | Create | Villager (Male) |
| 5:23 | Create | Villager (Male) |
| 5:59 | Build | Palisade Wall |
| 6:12 | Build | House |
| 6:42 | Create | Villager (Male) |
| 6:43 | Create | Villager (Male) |
| 6:43 | Create | Villager (Male) |
| 6:43 | Create | Villager (Male) |
| 6:51 | Build | House |
| 6:54 | Build | House |
| 6:56 | Build | House |
| 7:01 | Build | House |
| 7:15 | Create | Villager (Male) |
| 7:15 | Create | Villager (Male) |
| 7:15 | Create | Villager (Male) |
| 8:13 | Create | Villager (Male) |
| 8:13 | Create | Villager (Male) |
| 8:14 | Create | Villager (Male) |
| 8:33 | Create | Villager (Male) |
| 8:33 | Create | Villager (Male) |
| 8:34 | Create | Villager (Male) |
| 8:34 | Create | Villager (Male) |
| 8:34 | Create | Villager (Male) |
| 8:35 | Create | Villager (Male) |
| 8:51 | Build | Mill |
| 9:10 | Create | Villager (Male) |
| 9:10 | Create | Villager (Male) |
| 9:10 | Create | Villager (Male) |
| 9:43 | Build | Palisade Wall |
| 11:06 | Create | Villager (Male) |
| 11:06 | Create | Villager (Male) |
| 11:07 | Create | Villager (Male) |
| 11:07 | Create | Villager (Male) |
| 11:07 | Create | Villager (Male) |
| 11:29 | Build | Palisade Wall |
| 11:45 | Research | Feudal Age |
| 12:05 | Build | Mining Camp |
| 12:22 | Build | Palisade Wall |
| 12:36 | Build | Palisade Gate |
| 12:59 | Build | Barracks |
| 13:29 | Create | Villager (Male) |
| 13:56 | Build | House |
| 13:57 | Create | Villager (Male) |
| 13:58 | Create | Villager (Male) |
| 13:58 | Create | Villager (Male) |
| 13:59 | Create | Villager (Male) |
| 14:08 | Age | Feudal Age |
| 14:11 | Build | Archery Range |
| 14:15 | Build | Archery Range |
| 14:22 | Build | Archery Range |
| 14:40 | Create | Villager (Male) |
| 15:01 | Create | Villager (Male) |
| 15:07 | Build | Farm |
| 15:10 | Build | Farm |
| 15:11 | Build | Farm |
| 15:24 | Create | Archer ×5 |
| 15:24 | Create | Archer ×5 |
| 15:24 | Create | Archer ×5 |
| 15:24 | Create | Archer ×2 |
| 15:35 | Build | House |
| 15:41 | Build | Stone Wall |
| 15:58 | Build | Stone Wall |
| 16:03 | Create | Villager (Male) |
| 16:04 | Create | Villager (Male) |
| 16:04 | Create | Villager (Male) |
| 16:05 | Create | Villager (Male) |
| 16:05 | Create | Villager (Male) |
| 16:05 | Create | Villager (Male) |
| 16:19 | Build | Farm |
| 16:20 | Build | Farm |
| 16:30 | Create | Archer |
| 16:31 | Create | Archer |
| 16:35 | Create | Archer |
| 16:49 | Build | Farm |
| 16:54 | Build | Farm |
| 16:56 | Build | Farm |
| 17:00 | Create | Villager (Male) |
| 17:07 | Create | Archer |
| 17:07 | Create | Archer |
| 17:08 | Create | Archer |
| 17:27 | Create | Archer ×3 |
| 17:27 | Create | Archer ×3 |
| 17:28 | Create | Archer ×3 |
| 17:32 | Create | Villager (Male) |
| 17:32 | Create | Villager (Male) |
| 17:32 | Create | Villager (Male) |
| 17:32 | Create | Villager (Male) |
| 17:49 | Create | Villager (Male) |
| 17:49 | Create | Villager (Male) |
| 17:56 | Build | Farm |
| 17:56 | Build | Farm |
| 17:57 | Build | Farm |
| 17:57 | Build | Farm |
| 17:57 | Build | Farm |
| 18:28 | Create | Archer ×4 |
| 18:28 | Create | Archer ×4 |
| 18:28 | Create | Archer ×4 |
| 18:28 | Create | Archer ×5 |
| 18:51 | Build | House |
| 18:52 | Build | House |
| 19:50 | Build | Stone Wall |
| 20:05 | Build | Blacksmith |
| 20:09 | Build | Market |
| 20:11 | Create | Villager (Male) |
| 21:00 | Build | Farm |
| 21:01 | Build | Farm |
| 21:02 | Build | Farm |
| 21:02 | Build | Farm |
| 21:03 | Build | Farm |
| 21:03 | Build | Farm |
| 21:03 | Build | Farm |
| 21:04 | Build | Farm |
| 21:04 | Build | Farm |
| 21:12 | Research | Horse Collar |
| 21:19 | Build | Farm |
| 21:20 | Build | Farm |
Build order — TIRA-ONDA
First 150 of 503 actions detected
| 0:02 | Create | Villager (Male) |
| 0:03 | Research | Loom |
| 0:06 | Build | House |
| 0:12 | Create | Villager (Male) ×3 |
| 0:16 | Build | House |
| 0:30 | Build | Palisade Wall |
| 0:35 | Build | Palisade Wall |
| 0:42 | Build | Palisade Wall |
| 0:43 | Build | Palisade Wall |
| 0:43 | Build | Palisade Wall |
| 1:27 | Build | Lumber Camp |
| 2:01 | Create | Villager (Male) |
| 2:01 | Create | Villager (Male) |
| 2:34 | Create | Villager (Male) |
| 2:35 | Create | Villager (Male) |
| 3:04 | Create | Villager (Male) |
| 3:04 | Create | Villager (Male) |
| 3:04 | Create | Villager (Male) |
| 3:22 | Create | Villager (Male) |
| 3:23 | Create | Villager (Male) |
| 3:53 | Create | Villager (Male) |
| 3:53 | Create | Villager (Male) |
| 4:19 | Create | Villager (Male) |
| 4:20 | Create | Villager (Male) |
| 4:36 | Build | House |
| 4:47 | Create | Villager (Male) |
| 4:48 | Create | Villager (Male) |
| 5:42 | Create | Villager (Male) |
| 5:42 | Create | Villager (Male) |
| 5:42 | Create | Villager (Male) |
| 6:55 | Create | Villager (Male) |
| 7:31 | Create | Villager (Male) |
| 7:32 | Build | House |
| 7:38 | Build | Mill |
| 7:48 | Build | Mining Camp |
| 8:17 | Research | Feudal Age |
| 8:17 | Research | Feudal Age |
| 8:24 | Build | Mining Camp |
| 8:35 | Create | Villager (Male) |
| 8:58 | Build | Outpost |
| 9:13 | Create | Villager (Male) |
| 9:40 | Create | Villager (Male) |
| 9:59 | Build | House |
| 10:27 | Age | Feudal Age |
| 10:29 | Build | Stone Wall |
| 10:44 | Build | Market |
| 11:21 | Create | Villager (Male) |
| 11:40 | Build | Blacksmith |
| 11:53 | Create | Villager (Male) |
| 12:00 | Build | Stone Wall |
| 12:52 | Build | Stone Wall |
| 12:58 | Research | Castle Age |
| 12:58 | Research | Castle Age |
| 13:26 | Build | Farm |
| 13:29 | Build | Farm |
| 13:33 | Build | Farm |
| 14:30 | Research | Gold Mining |
| 14:54 | Create | Villager (Male) |
| 15:09 | Create | Villager (Male) |
| 15:16 | Research | Double-Bit Axe |
| 15:32 | Build | House |
| 15:37 | Age | Castle Age |
| 15:48 | Build | Krepost |
| 16:05 | Build | Siege Workshop |
| 16:10 | Create | Villager (Male) |
| 16:23 | Build | House |
| 16:29 | Create | Villager (Male) |
| 16:53 | Create | Konnik |
| 16:58 | Create | Battering Ram |
| 16:59 | Create | Villager (Male) |
| 16:59 | Create | Villager (Male) |
| 17:25 | Create | Konnik |
| 17:25 | Create | Konnik |
| 17:41 | Create | Villager (Male) |
| 18:15 | Create | Battering Ram |
| 18:16 | Create | Konnik |
| 18:29 | Create | Villager (Male) |
| 18:52 | Create | Villager (Male) |
| 18:53 | Create | Villager (Male) |
| 19:09 | Create | Konnik |
| 19:58 | Create | Villager (Male) |
| 20:12 | Create | Villager (Male) |
| 20:13 | Create | Villager (Male) |
| 20:20 | Create | Battering Ram |
| 20:50 | Create | Villager (Male) |
| 21:08 | Create | Villager (Male) |
| 21:21 | Create | Villager (Male) |
| 21:34 | Create | Villager (Male) |
| 21:34 | Create | Villager (Male) |
| 21:38 | Build | Farm |
| 21:38 | Build | Farm |
| 21:38 | Build | Farm |
| 21:38 | Build | Farm |
| 21:39 | Build | Farm |
| 21:39 | Build | Farm |
| 21:39 | Build | Farm |
| 21:39 | Build | Farm |
| 21:39 | Build | Farm |
| 21:40 | Build | Farm |
| 21:44 | Create | Villager (Male) |
| 22:26 | Create | Villager (Male) |
| 22:26 | Create | Villager (Male) |
| 23:05 | Create | Villager (Male) |
| 23:39 | Build | Stone Wall |
| 23:39 | Build | Stone Wall |
| 23:40 | Build | Stone Wall |
| 23:59 | Create | Villager (Male) |
| 24:10 | Build | Town Center |
| 24:14 | Research | Bow Saw |
| 24:15 | Research | Horse Collar |
| 24:15 | Research | Horse Collar |
| 24:55 | Build | Stone Wall |
| 25:15 | Create | Villager (Male) |
| 25:16 | Create | Villager (Male) |
| 25:28 | Research | Heavy Plow |
| 25:28 | Research | Heavy Plow |
| 25:41 | Build | Stone Wall |
| 25:48 | Create | Villager (Male) |
| 25:51 | Create | Villager (Male) |
| 25:52 | Create | Villager (Male) |
| 26:08 | Create | Konnik |
| 26:15 | Build | Farm |
| 26:25 | Build | Farm |
| 26:26 | Build | Farm |
| 26:31 | Create | Villager (Male) |
| 26:31 | Create | Villager (Male) |
| 26:32 | Create | Villager (Male) |
| 26:38 | Create | Konnik |
| 26:45 | Build | Stone Wall |
| 27:03 | Build | Stone Wall |
| 27:09 | Create | Konnik |
| 27:17 | Build | Castle |
| 27:23 | Create | Villager (Male) |
| 27:29 | Build | House |
| 27:30 | Build | House |
| 27:31 | Build | House |
| 27:31 | Build | House |
| 27:35 | Build | Farm |
| 27:38 | Create | Konnik |
| 27:49 | Build | Farm |
| 27:57 | Create | Konnik |
| 27:58 | Research | Scale Barding Armor |
| 27:59 | Research | Scale Barding Armor |
| 28:05 | Create | Konnik |
| 28:27 | Create | Villager (Male) |
| 28:27 | Create | Villager (Male) |
| 28:54 | Create | Konnik |
| 28:56 | Create | Konnik |
| 29:35 | Create | Villager (Male) |
| 29:36 | Create | Villager (Male) |
Match timeline
| 0:30 | TIRA-ONDA · wall_segment Palisade Wall x6 |
| 0:35 | TIRA-ONDA · wall_segment Palisade Wall x6 |
| 0:42 | TIRA-ONDA · wall_segment Palisade Wall x1 |
| 0:43 | TIRA-ONDA · wall_segment Palisade Wall x1 |
| 0:43 | TIRA-ONDA · wall_segment Palisade Wall x1 |
| 1:56 | BIRA · wall_segment Palisade Wall x8 |
| 2:22 | Phill Forest · wall_segment Palisade Wall x1 |
| 2:27 | Phill Forest · wall_segment Palisade Wall x8 |
| 4:05 | Phill Forest · wall_segment Palisade Wall x8 |
| 4:59 | 我是萌新 · wall_segment Palisade Wall x7 |
| 5:59 | J4cK · wall_segment Palisade Wall x13 |
| 6:24 | BIRA · wall_segment Palisade Wall x1 |
| 7:08 | BIRA · wall_segment Palisade Wall x6 |
| 7:58 | 我是萌新 · wall_segment Palisade Wall x9 |
| 9:10 | 我是萌新 · wall_segment Palisade Wall x5 |
| 9:43 | J4cK · wall_segment Palisade Wall x16 |
| 10:00 | CanHaveUrResources:3 · wall_segment Palisade Wall x1 |
| 10:21 | kittel · age_up feudal |
| 10:27 | TIRA-ONDA · age_up feudal |
| 10:29 | TIRA-ONDA · wall_segment Stone Wall x9 |
| 10:44 | 我是萌新 · wall_segment Palisade Wall x11 |
| 10:48 | 我是萌新 · wall_segment Palisade Wall x1 |
| 11:14 | 我是萌新 · wall_segment Palisade Wall x2 |
| 11:29 | J4cK · wall_segment Palisade Wall x13 |
| 11:54 | BIRA · first_building Barracks |
| 11:54 | Ezeky · age_up feudal |
| 12:00 | TIRA-ONDA · wall_segment Stone Wall x1 |
| 12:22 | J4cK · wall_segment Palisade Wall x5 |
| 12:52 | TIRA-ONDA · wall_segment Stone Wall x4 |
| 12:59 | J4cK · first_building Barracks |
| 13:13 | BIRA · age_up feudal |
| 13:26 | CanHaveUrResources:3 · age_up feudal |
| 13:38 | BIRA · wall_segment Palisade Wall x7 |
| 13:39 | BIRA · wall_segment Palisade Wall x4 |
| 14:08 | J4cK · age_up feudal |
| 14:11 | J4cK · first_building Archery Range |
| 14:17 | BIRA · first_market_sell 100 wood |
| 14:22 | 我是萌新 · age_up feudal |
| 14:34 | BIRA · first_market_buy 100 food |
| 15:24 | Ezeky · age_up castle |
| 15:37 | TIRA-ONDA · age_up castle |
| 15:41 | J4cK · wall_segment Stone Wall x7 |
| 15:48 | TIRA-ONDA · first_building Krepost |
| 15:58 | J4cK · wall_segment Stone Wall x10 |
| 16:05 | TIRA-ONDA · first_building Siege Workshop |
| 16:19 | Phill Forest · age_up feudal |
| 16:58 | CanHaveUrResources:3 · age_up castle |
| 17:01 | CanHaveUrResources:3 · first_building Siege Workshop |
| 17:11 | kittel · age_up castle |
| 17:57 | BIRA · first_building Archery Range |
| 18:17 | 我是萌新 · age_up castle |
| 18:22 | BIRA · age_up castle |
| 18:32 | BIRA · first_building Siege Workshop |
| 18:34 | 我是萌新 · first_building Castle |
| 18:54 | kittel · first_building Barracks |
| 18:59 | CanHaveUrResources:3 · first_market_sell 100 wood |
| 19:00 | CanHaveUrResources:3 · first_market_buy 100 food |
| 19:22 | 我是萌新 · first_building Monastery |
| 19:27 | kittel · first_building Monastery |
| 19:40 | Phill Forest · first_building Barracks |
| 19:50 | J4cK · wall_segment Stone Wall x14 |
| 20:14 | CanHaveUrResources:3 · wall_segment Stone Wall x1 |
| 20:20 | CanHaveUrResources:3 · wall_segment Stone Wall x1 |
| 20:20 | Phill Forest · age_up castle |
| 20:21 | CanHaveUrResources:3 · wall_segment Stone Wall x1 |
| 20:28 | Phill Forest · first_building Stable |
| 20:34 | CanHaveUrResources:3 · wall_segment Stone Wall x2 |
| 20:44 | CanHaveUrResources:3 · wall_segment Stone Wall x1 |
| 20:50 | CanHaveUrResources:3 · first_building Barracks |
| 20:55 | CanHaveUrResources:3 · wall_segment Stone Wall x3 |
| 21:22 | CanHaveUrResources:3 · age_up imperial |
| 21:41 | kittel · first_building Stable |
| 21:44 | CanHaveUrResources:3 · wall_segment Stone Wall x2 |
| 21:51 | CanHaveUrResources:3 · wall_segment Stone Wall x1 |
| 21:53 | CanHaveUrResources:3 · wall_segment Stone Wall x2 |
| 21:55 | CanHaveUrResources:3 · wall_segment Stone Wall x1 |
| 22:01 | Ezeky · wall_segment Palisade Wall x12 |
| 22:20 | CanHaveUrResources:3 · first_building Archery Range |
| 22:24 | J4cK · first_market_buy 100 food |
| 22:31 | CanHaveUrResources:3 · wall_segment Stone Wall x2 |
| 22:49 | CanHaveUrResources:3 · wall_segment Stone Wall x1 |
| 22:52 | CanHaveUrResources:3 · wall_segment Stone Wall x3 |
| 22:54 | CanHaveUrResources:3 · wall_segment Stone Wall x1 |
| 22:55 | kittel · first_building Siege Workshop |
| 23:15 | CanHaveUrResources:3 · wall_segment Stone Wall x3 |
| 23:17 | CanHaveUrResources:3 · wall_segment Stone Wall x1 |
| 23:26 | CanHaveUrResources:3 · wall_segment Stone Wall x2 |
| 23:29 | J4cK · first_building Stable |
| 23:31 | Ezeky · first_market_buy 100 stone |
| 23:39 | TIRA-ONDA · wall_segment Stone Wall x2 |
| 23:39 | TIRA-ONDA · wall_segment Stone Wall x1 |
| 23:40 | TIRA-ONDA · wall_segment Stone Wall x1 |
| 23:47 | CanHaveUrResources:3 · wall_segment Stone Wall x1 |
| 23:51 | CanHaveUrResources:3 · wall_segment Stone Wall x1 |
| 24:06 | Phill Forest · first_market_buy 100 food |
| 24:08 | CanHaveUrResources:3 · wall_segment Stone Wall x1 |
| 24:13 | TIRA-ONDA · first_market_buy 100 wood |
| 24:38 | J4cK · wall_segment Stone Wall x15 |
| 24:39 | Ezeky · first_building Monastery |
| 24:51 | 我是萌新 · first_market_buy 100 stone |
| 24:52 | J4cK · wall_segment Stone Wall x13 |
| 24:55 | TIRA-ONDA · wall_segment Stone Wall x10 |
| 25:06 | J4cK · age_up castle |
| 25:17 | Ezeky · first_building Barracks |
| 25:18 | kittel · first_building Castle |
| 25:41 | TIRA-ONDA · wall_segment Stone Wall x3 |
| 26:34 | 我是萌新 · first_building Siege Workshop |
| 26:35 | BIRA · wall_segment Stone Wall x8 |
| 26:36 | Ezeky · first_building Stable |
| 26:41 | J4cK · first_market_sell 100 wood |
| 26:45 | TIRA-ONDA · wall_segment Stone Wall x10 |
| 27:03 | TIRA-ONDA · wall_segment Stone Wall x1 |
| 27:17 | TIRA-ONDA · first_building Castle |
| 27:20 | J4cK · wall_segment Stone Wall x1 |
| 27:58 | Phill Forest · wall_segment Stone Wall x10 |
| 28:19 | BIRA · wall_segment Stone Wall x4 |
| 28:23 | Phill Forest · wall_segment Stone Wall x9 |
| 29:12 | 我是萌新 · first_market_sell 100 wood |
| 29:31 | Phill Forest · wall_segment Stone Wall x1 |
| 29:33 | 我是萌新 · wall_segment Stone Wall x9 |
| 29:47 | Phill Forest · wall_segment Stone Wall x8 |
| 29:52 | TIRA-ONDA · wall_segment Stone Wall x1 |
| 29:52 | TIRA-ONDA · wall_segment Stone Wall x1 |
| 30:07 | TIRA-ONDA · wall_segment Stone Wall x1 |
| 30:09 | Ezeky · age_up imperial |
| 30:10 | TIRA-ONDA · wall_segment Stone Wall x1 |
| 30:41 | Ezeky · first_building Archery Range |
| 30:46 | TIRA-ONDA · wall_segment Stone Wall x1 |
| 31:04 | 我是萌新 · wall_segment Stone Wall x11 |
| 31:04 | TIRA-ONDA · first_building Barracks |
| 31:27 | kittel · age_up imperial |
| 31:54 | TIRA-ONDA · first_building Archery Range |
| 32:13 | 我是萌新 · first_building Barracks |
| 32:32 | BIRA · wall_segment Stone Wall x10 |
| 32:32 | 我是萌新 · age_up imperial |
| 33:29 | 我是萌新 · first_building Archery Range |
| 33:55 | Ezeky · first_market_sell 500 wood |
| 34:52 | Phill Forest · wall_segment Stone Wall x4 |
| 35:05 | J4cK · wall_segment Stone Wall x14 |
| 35:20 | J4cK · wall_segment Stone Wall x9 |
| 35:34 | Phill Forest · first_building Archery Range |
| 35:44 | J4cK · first_building Monastery |
| 36:26 | Ezeky · tribute_sent a jugador 1 |
| 36:26 | Ezeky · tribute_sent a jugador 2 |
| 36:26 | Ezeky · tribute_sent a jugador 3 |
| 36:26 | Ezeky · tribute_sent a jugador 5 |
| 36:26 | Ezeky · tribute_sent a jugador 6 |
| 36:26 | Ezeky · tribute_sent a jugador 7 |
| 36:26 | Ezeky · tribute_sent a jugador 8 |
| 36:29 | BIRA · wall_segment Stone Wall x10 |
| 36:50 | Ezeky · first_building Castle |
| 37:19 | kittel · first_market_sell 500 food |
| 37:22 | Phill Forest · first_building Siege Workshop |
| 37:23 | BIRA · wall_segment Stone Wall x10 |
| 37:23 | TIRA-ONDA · first_market_sell 500 wood |
| 37:36 | BIRA · first_building Castle |
| 37:50 | J4cK · first_building Siege Workshop |
| 39:07 | Phill Forest · first_building Monastery |
| 39:17 | BIRA · wall_segment Stone Wall x1 |
| 39:19 | BIRA · wall_segment Stone Wall x1 |
| 39:49 | BIRA · age_up imperial |
| 40:17 | J4cK · age_up imperial |
| 40:39 | TIRA-ONDA · age_up imperial |
| 41:14 | CanHaveUrResources:3 · first_building Castle |
| 42:35 | Phill Forest · first_building Castle |
| 43:07 | Phill Forest · age_up imperial |
| 43:56 | TIRA-ONDA · first_building Stable |
| 43:58 | CanHaveUrResources:3 · wall_segment Stone Wall x1 |
| 44:21 | CanHaveUrResources:3 · wall_segment Stone Wall x1 |
| 44:32 | CanHaveUrResources:3 · wall_segment Stone Wall x1 |
| 46:35 | kittel · first_market_buy 100 wood |
| 50:42 | BIRA · wall_segment Stone Wall x3 |
| 50:44 | BIRA · wall_segment Stone Wall x12 |
| 53:58 | Ezeky · first_building Siege Workshop |
| 54:13 | kittel · wall_segment Stone Wall x12 |
| 54:15 | kittel · wall_segment Stone Wall x13 |
| 54:19 | kittel · wall_segment Stone Wall x12 |
| 54:54 | 我是萌新 · tribute_sent a jugador 2 |
| 54:54 | 我是萌新 · tribute_sent a jugador 3 |
| 54:54 | 我是萌新 · tribute_sent a jugador 4 |
| 54:54 | 我是萌新 · tribute_sent a jugador 5 |
| 54:54 | 我是萌新 · tribute_sent a jugador 6 |
| 54:54 | 我是萌新 · tribute_sent a jugador 7 |
| 54:54 | 我是萌新 · tribute_sent a jugador 8 |
| 55:35 | kittel · wall_segment Stone Wall x15 |
| 55:37 | kittel · wall_segment Stone Wall x17 |
| 55:39 | kittel · wall_segment Stone Wall x17 |
| 56:46 | Phill Forest · first_market_sell 500 food |
| 61:09 | Ezeky · resign |
[ AI ANALYSIS · 1 CREDIT ]
What really happened in this match?
Wolo.gg analyzes every decision: build order, eco, micro, common mistakes by bracket. Personalized analysis on WhatsApp or Discord in 30 seconds.
Civ guide
Bohemians
Perfil
Jugador #6181304